 Dungeon Crawl Stone Soup version 0.31.0-32-g396128a36d (webtiles) character file.

Game seed: 2526793230479448325

3 tizbic2 the Changeling (level 1, -5/9 HPs)
             Began as a Demigod Shapeshifter on Mar 19, 2024.
             Slain by a scorpion zombie (6 damage)
             ... on level 2 of the Dungeon.
             The game lasted 00:01:26 (114 turns).

tizbic2 the Changeling (Demigod Shapeshifter)        Turns: 114, Time: 00:01:28

Health: -5/9       AC:  0    Str: 15    XL:     1   Next: 33%
Magic:  3/3        EV: 16    Int: 12    God:
Gold:   13         SH:  0    Dex: 13    Spells: 0/0 levels left

rFire   . .          .
                       - Unarmed
rCold   . . .        (shield currently unavailable)
rNeg    . . .        a - melded +0 animal skin
rPois   .            (no helmet)
rElec   .            (no cloak)
rCorr   .            (no gloves)
SInv    .            (no boots)
Will    .....        (no amulet)
Stlth   +            (no ring)
HPRegen 0.21/turn    (no ring)
MPRegen 0.08/turn

%: no passive effects
@: flux-form, glowing
A: glow, contaminating, reduced hp, high MP 1, forlorn, divine attributes
a: Begin Untransformation


You were on level 2 of the Dungeon.
You were something dangerously unstable.
You visited 1 branch of the dungeon, and saw 2 of its levels.

You collected 13 gold pieces.

Inventory:

Missiles
 g - 5 poisoned darts (quivered)
Armour
 a - a +0 animal skin (melded)
Talismans
 c - a beast talisman
 d - a flux talisman (active)
Scrolls
 e - a scroll of fog {unknown}
 f - a scroll of blinking {unknown}
Potions
 b - a potion of lignification
 h - a potion of enlightenment {unknown}


   Skills:
 - Level 1.0 Fighting
 - Level 1.8 Dodging
 - Level 2.7 Unarmed Combat
 * Level 2.8 Shapeshifting


You couldn't memorise any spells.
You didn't know any spells.
Your spell library was empty.

Dungeon Overview and Level Annotations

Branches:
Dungeon (1/15)


Innate Abilities, Weirdness & Mutations

You are something dangerously unstable.
You glow with magical radiation, making you easy to see and hit.
Foes you strike become dangerously contaminated with magical radiation.
Your maximum health is decreased, since you lack skill for your form.
You are incapable of wielding weapons or throwing items.
You have an increased reservoir of magic. (+10% MP)
You shall have no god before yourself.
Your divine heritage dramatically boosts your attributes as you level up.


Message History

You barely miss the scorpion zombie.
The scorpion zombie is lightly damaged.
The scorpion zombie hits you.
You barely miss the scorpion zombie.
The scorpion zombie is lightly damaged.
The scorpion zombie barely misses you.
You hit the scorpion zombie but do no damage.
Your punch misses the scorpion zombie.
The scorpion zombie is lightly damaged.
The scorpion zombie hits you.
You hit the scorpion zombie.
You punch the scorpion zombie, but do no damage.
The scorpion zombie is lightly damaged.
The scorpion zombie completely misses you.
You hit the scorpion zombie.
The scorpion zombie is lightly damaged.
The scorpion zombie hits you.
* * * LOW HITPOINT WARNING * * *
You hit the scorpion zombie but do no damage.
The scorpion zombie is lightly damaged.
The scorpion zombie barely misses you.
You hit the scorpion zombie but do no damage.
The scorpion zombie is lightly damaged.
The scorpion zombie hits you.
* * * LOW HITPOINT WARNING * * *
A scorpion zombie is nearby!
The scorpion zombie closely misses you.
You begin transforming.
You continue transforming.
The scorpion zombie closely misses you.
You continue transforming.
The scorpion zombie closely misses you.
You continue transforming.
The scorpion zombie hits you.
* * * LOW HITPOINT WARNING * * *
Your transformation has ended.
You turn into something dangerously unstable.
Your +0 animal skin melds into your body.
The scorpion zombie hits you.
Ouch! That really hurt!
You die...

##########
........# #
#.####p# ..
#....#Z####.##.
#...........
###^........
#.#.#.......
#.#.#.......
#...#.......
#.####.##...
#.# #.# ...


You could see a scorpion zombie.

Vanquished Creatures
  A bat (D:2)
  A frilled lizard (D:2)
  A giant cockroach zombie (D:2)
  A rat (D:2)
4 creatures vanquished.

Notes
Turn   | Place    | Note
-------+----------+-------------------------------------------
     0 | D:1      | tizbic2 the Demigod Shapeshifter began the quest for the
                  | Orb.
     0 | D:1      | Reached XP level 1. HP: 15/15 MP: 3/3
    13 | D:1      | You fall into a shaft and drop 1 floor!
    23 | D:2      | Reached skill level 1 in Fighting
   114 | D:2      | Slain by a scorpion zombie

Illustrated notes

Levels and vault maps discovered:
D:1:      nicolae_arrival_somewhat_less_tricky_arrival, layout_basic,
          ebering_ecumenical_altar_webs, glass_columns_b
D:2:      layout_basic, serial_undead, serial_undead_c, serial_undead_d,
          serial_undead_b, serial_undead_d, serial_undead_a, serial_undead_f,
          minmay_between

Skill      XL: |  1 |
---------------+----+-----
Fighting       | 1 |  1.0
Dodging        | |  1.8
Unarmed Combat | |  2.7
Shapeshifting  | |  2.8

Action                     || total
---------------------------++-------
  Melee: Unarmed           ||    24
         Punch             ||     2
   Stab: Sleeping          ||     1
 Armour: Animal skin       ||    11
         Skin              ||     1
  Dodge: Dodged            ||    25
   Form: Flux              ||     1
